 Dungeon Crawl Stone Soup version 0.21.1-1-g345015f (webtiles) character file.

569 troglodite the Skirmisher (level 7, 0/84 HPs)
             Began as a Demonspawn Berserker on Feb 15, 2018.
             Was a Believer of Trog.
             Slain by an orc warrior
             ... wielding a +0 glaive
              (6 damage)
             ... on level 4 of the Dungeon.
             The game lasted 00:11:45 (3766 turns).

troglodite the Skirmisher (Demonspawn Berserker)    Turns: 3766, Time: 00:11:46

Health: 0/84       AC: 10    Str: 22    XL:     7   Next: 11%
Magic:  0/7        EV:  9    Int:  9    God:    Trog [**....]
Gold:   174        SH:  0    Dex: 14    Spells: 6/6 levels left

rFire    . . .     SeeInvis .   h - +2 hand axe (drain)
rCold    . . .     Gourm    .   (no shield)
rNeg     . . .     Faith    .   e - +0 chain mail
rPois    .         Spirit   +   (no helmet)
rElec    .         Reflect  .   (no cloak)
rCorr    .         Harm     .   s - +0 pair of gloves
MR       .....                  (no boots)
Stlth    ..........             (no amulet)
HPRegen  0.24/turn              (no ring)
MPRegen  0.10/turn              (no ring)

@: berserking, very quick
A: claws 1, powered by pain 1, magic shield
a: Berserk, Trog's Hand, Burn Spellbooks, Renounce Religion


You were on level 4 of the Dungeon.
You worshipped Trog.
Trog was pleased with you.
You were very hungry.

You visited 1 branch of the dungeon, and saw 4 of its levels.

You collected 174 gold pieces.

Inventory:

Hand Weapons
 a - a +0 falchion
 h - a +2 hand axe of draining (weapon)
Missiles
 g - 25 sling bullets
 j - 47 stones (quivered)
Armour
 e - a +0 chain mail (worn)
 s - a +0 pair of gloves (worn)
Wands
 b - a wand of paralysis (17)
Scrolls
 d - a scroll of remove curse
 f - 2 scrolls of amnesia {unknown}
 k - a scroll of teleportation {unknown}
 n - 5 scrolls of immolation {unknown}
Potions
 i - 2 potions of flight
 l - a potion of heal wounds {unknown}
 m - 2 potions of curing
 o - a potion of brilliance {unknown}
 p - a potion of berserk rage {unknown}
 q - a potion of mutation {unknown}
 t - a potion of lignification {unknown}
Comestibles
 c - 10 rations
 r - a chunk of flesh


   Skills:
 * Level 5.0 Fighting
 + Level 4.9 Long Blades
 * Level 4.1 Armour
 + Level 2.1 Dodging
 + Level 0.8 Stealth


You had 6 spell levels left.
You didn't know any spells.

Dungeon Overview and Level Annotations

Branches:
Dungeon (4/15)             Temple (0/1) D:4

Altars:
Kikubaaqudgha
Okawaru
Ru
Trog
Wu Jian
Xom

Shops:
D:4 :!


Innate Abilities, Weirdness & Mutations

You have sharp fingernails.
You sometimes gain a little power by taking damage.
When hurt, damage is shared between your health and your magic reserves.


Message History

The orc warrior is moderately wounded.
The orc warrior hits you with a glaive!
You hit the orc warrior. You drain the orc warrior!
The orc warrior is heavily wounded.
The orc warrior hits you with a glaive!
* * * LOW HITPOINT WARNING * * *
You hit the orc warrior but do no damage.
The orc warrior is heavily wounded.
The orc warrior hits you with a glaive!
* * * LOW HITPOINT WARNING * * *
You hear some strange, mumbled words.
A red film seems to cover your vision as you go berserk!
You feel yourself moving faster!
You feel mighty!
You are feeling very hungry.
The orc warrior hits you with a glaive.
* * * LOW HITPOINT WARNING * * *
Your chain mail prevents you from hitting the orc warrior.
The orc warrior is heavily wounded.
The orc warrior hits you with a glaive!
You die...

. ##.## ##. #.# # #.
#..# #.# ###.##.##
... .......### ###
.###.....###########
....................
.#######.####...#
#..##..#######
##....o.o@.$.#
##...######.#
#%..### .# #..### ..
...# ##. .### .. ##


You could see an orc warrior and an orc.

Vanquished Creatures
  Grinder (D:3)
  3 orc priests (D:3)
  An orc wizard (D:3)
  3 worker ants (D:4)
  Natasha (twice) (D:3)
  6 adders
  An adder skeleton (D:2)
  2 leopard geckos
  12 orcs
  8 bats
  A giant cockroach (D:4)
  3 hobgoblins
  6 jackals
  7 kobolds
  A quokka (D:3)
  A ball python (D:2)
  6 frilled lizards
  6 goblins
  A quokka skeleton (D:4)
  8 rats
79 creatures vanquished.

Notes
Turn   | Place    | Note
-------+----------+-------------------------------------------
     0 | D:1      | troglodite the Demonspawn Berserker began the quest for the Orb.
     0 | D:1      | Reached XP level 1. HP: 18/18 MP: 1/1
   371 | D:1      | Gained mutation: You sometimes gain a little power by taking damage. [demonic ancestry]
   371 | D:1      | Reached XP level 2. HP: 24/24 MP: 2/2
   992 | D:2      | Reached ** piety under Trog
   992 | D:2      | Gained mutation: When hurt, damage is shared between your health and your magic reserves. [demonic ancestry]
   992 | D:2      | Reached XP level 3. HP: 29/29 MP: 3/3
  1288 | D:2      | Found an iron altar of Okawaru.
  1479 | D:2      | Gained mutation: You have sharp fingernails. [demonic ancestry]
  1479 | D:2      | Reached XP level 4. HP: 24/37 MP: 2/4
  1916 | D:3      | Reached skill level 4 in Fighting
  1950 | D:3      | Found an ornate altar of the Wu Jian Council.
  2017 | D:3      | Reached XP level 5. HP: 40/42 MP: 2/5
  2358 | D:3      | Noticed Grinder
  2633 | D:3      | Killed Grinder
  2633 | D:3      | Reached XP level 6. HP: 49/49 MP: 4/6
  2829 | D:3      | Noticed Natasha
  2838 | D:3      | Killed Natasha
  2859 | D:3      | Found an ancient bone altar of Kikubaaqudgha.
  2861 | D:3      | Found a sacrificial altar of Ru.
  2861 | D:3      | Found a shimmering altar of Xom.
  3092 | D:3      | Noticed Natasha
  3105 | D:3      | Killed Natasha
  3426 | D:4      | Found Hulua's Distillery.
  3431 | D:4      | Found a staircase to the Ecumenical Temple.
  3475 | D:4      | Found Sagh's Book Shoppe.
  3499 | D:4      | Found a bloodstained altar of Trog.
  3518 | D:4      | Reached XP level 7. HP: 55/55 MP: 5/7
  3547 | D:4      | Reached skill level 5 in Fighting
  3766 | D:4      | Slain by an orc warrior

Skill      XL: |  1  2  3  4  5  6  7 |
---------------+----------------------+-----
Armour         | 2 3 4 |  4.1
Long Blades    | 3 4 |  4.9
Dodging        | 2 |  2.1
Fighting       | 4 5 |  5.0
Stealth        | |  0.8

Action                   |  1- 3 |  4- 6 |  7- 9 || total
-------------------------+-------+-------+-------++-------
Melee: Falchion          |   107 |    90 |       ||   197
       Hand axe          |       |    38 |    20 ||    58
Invok: Berserk           |     1 |     5 |     1 ||     7
  Use: Scroll            |       |     4 |       ||     4
  Eat: Chunk             |     3 |    10 |     2 ||    15
Armor: Chain mail        |    80 |    91 |    12 ||   183
       Animal skin       |     2 |       |       ||     2
Dodge: Dodged            |    59 |    65 |    10 ||   134
       Rpst.: Falchion   |    26 |    12 |       ||    38
